Map: Ruins of Seras

Players

LiquidMaNa (MaNa)

  • Race: Protoss Protoss
  • League: Master

SortOf - Winner!

  • Race: Zerg Zerg
  • League: Master

Event: DreamHack ZOWIE Open Leipzig

VOD

Have the link to the VOD?

Description

Time

  • Played on: Jan. 22, 2016, 10:47 a.m.
  • Length: 9:41

All games in this series

Show
View Real Time Build Order
Export as new Build Order

LiquidMaNa Protoss 

Build Orders: Nexus First 

Get SALT Encoding   

  12  0:00  Probe (Chrono Boost)  
  13  0:11  Probe (Chrono Boost)  
  14  0:19  Pylon  
  14  0:22  Probe (Chrono Boost)  
  15  0:37  Probe (Chrono Boost)  
  16  0:48  Probe (Chrono Boost)  
  17  0:59  Nexus  
  17  1:12  Gateway  
  17  1:13  Probe (Chrono Boost)  
  18  1:19  Assimilator  
  18  1:24  Probe (Chrono Boost)  
  19  1:29  Assimilator  
  19  1:34  Probe (Chrono Boost)  
  20  1:45  Probe (Chrono Boost)  
  21  1:48  Gateway  
  21  1:55  Probe (Chrono Boost)  
  21  1:59  Cybernetics Core  
  22  2:06  Probe (Chrono Boost)  
  23  2:11  Probe (Chrono Boost)  
  24  2:17  Probe (Chrono Boost)  
  25  2:24  Probe (Chrono Boost)  
  25  2:27  Probe (Chrono Boost)  
  27  2:35  Probe (Chrono Boost)  
  27  2:36  Stalker (Chrono Boost), Adept (Chrono Boost)  
  31  2:37  Probe  
  31  2:38  Warp Gate  
  32  2:46  Pylon  
  32  2:47  Probe  
  33  2:52  Mothership Core (Chrono Boost)  
  35  2:59  Probe (Chrono Boost)  
  35  3:04  Sentry (Chrono Boost)  
  35  3:05  Adept (Chrono Boost)  
  40  3:10  Probe (Chrono Boost)  
  40  3:12  Probe (Chrono Boost)  
  42  3:13  Pylon  
  42  3:21  Probe (Chrono Boost)  
  42  3:22  Probe (Chrono Boost)  
  44  3:30  Sentry (Chrono Boost), Pylon  
  44  3:31  Adept (Chrono Boost)  
  48  3:35  Probe x2  
  50  3:47  Forge  
  50  3:48  Probe x2 (Chrono Boost), Gateway  
  52  4:03  Adept x2  
  55  4:10  Pylon  
  55  4:11  Probe x2 (Chrono Boost)  
  57  4:19  Nexus  
  57  4:22  Protoss Ground Weapons Level 1  
  57  4:24  Pylon  
  57  4:30  Probe x2 (Chrono Boost)  
  59  4:34  Pylon  
  59  4:43  Adept, Assimilator  
  59  4:44  Adept  
  59  4:45  Adept, Assimilator  
  63  4:52  Probe x2 (Chrono Boost)  
  67  5:11  Probe x2 (Chrono Boost), Stargate  
  67  5:13  Stargate  
  69  5:14  Pylon  
  69  5:16  Gateway  
  69  5:21  Probe (Chrono Boost)  
  69  5:22  Probe (Chrono Boost)  
  69  5:23  Pylon  
  71  5:32  Probe (Chrono Boost)  
  71  5:33  Probe x2 (Chrono Boost)  
  74  5:41  Robotics Facility  
  74  5:43  Probe (Chrono Boost)  
  74  5:44  Probe (Chrono Boost)  
  74  5:47  Probe (Chrono Boost)  
  77  5:50  Pylon  
  77  5:53  Probe (Chrono Boost)  
  78  5:57  Phoenix x2 (Chrono Boost)  
  78  6:02  Gateway  
  82  6:07  Probe  
  82  6:08  Probe  
  82  6:09  Probe  
  85  6:11  Gateway  
  85  6:20  Phoenix x2 (Chrono Boost)  
  85  6:23  Twilight Council  
  89  6:31  Immortal  
  93  6:35  Probe, Gateway  
  93  6:36  Gateway, Probe  
  93  6:37  Probe  
  96  6:43  Assimilator  
  96  6:44  Assimilator  
  96  6:50  Phoenix x2 (Chrono Boost)  
  96  6:52  Probe  
  96  6:53  Probe x2  
  103  6:54  Protoss Ground Weapons Level 2 (Chrono Boost)  
  103  6:57  Pylon  
  103  7:00  Photon Cannon  
  103  7:01  Sentry  
  103  7:02  Sentry  
  107  7:11  Probe  
  107  7:12  Probe x2  
  110  7:18  Charge (Chrono Boost)  
  110  7:24  Warp Prism (Chrono Boost)  
  110  7:27  Nexus  
  112  7:35  Pylon  
  112  7:37  Pylon  
  112  7:41  Robotics Facility  
  112  7:51  Zealot x5  
  114  7:57  Immortal (Chrono Boost)  
  126  8:05  Pylon  
  126  8:07  Pylon  
  126  8:17  Templar Archives  
  125  8:23  Zealot  
  125  8:24  Zealot x3  
  130  8:42  Immortal x2 (Chrono Boost)  
  130  8:48  Zealot x3  
  130  8:49  Zealot  
  131  8:55  Pylon  
  130  9:08  High Templar  
  130  9:09  High Templar x4  
  125  9:10  High Templar  
  125  9:14  Archon x3  
Show
View Real Time Build Order
Export as new Build Order

SortOf Zerg - Winner!

Build Orders: Hatch First 

Get SALT Encoding   

  12  0:00  Drone  
  13  0:12  Overlord  
  13  0:17  Drone  
  14  0:31  Drone x2  
  14  0:34  Drone  
  17  0:46  Drone  
  18  0:57  Hatchery  
  17  1:00  Drone  
  17  1:02  Extractor  
  17  1:06  Drone  
  18  1:19  Spawning Pool  
  18  1:21  Drone  
  18  1:28  Drone  
  19  1:40  Overlord  
  19  1:49  Drone  
  20  2:05  Queen  
  20  2:06  Metabolic Boost, Zergling x2  
  23  2:08  Queen  
  23  2:11  Drone  
  23  2:14  Zergling x2  
  27  2:21  Drone x2  
  29  2:32  Drone x2  
  31  2:45  Hatchery  
  31  2:47  Drone x2  
  32  2:51  Overlord  
  32  3:01  Queen  
  32  3:03  Drone x2  
  36  3:11  Drone  
  37  3:15  Drone  
  37  3:19  Zergling x6  
  40  3:22  Overlord  
  40  3:23  Drone x2  
  40  3:24  Drone  
  43  3:32  Roach Warren  
  43  3:33  Drone  
  43  3:40  Drone  
  44  3:42  Drone x2  
  44  3:45  Lair  
  46  3:49  Queen  
  46  3:50  Drone  
  46  3:52  Drone  
  46  3:55  Drone  
  51  3:56  Overlord  
  51  3:59  Drone  
  51  4:00  Drone  
  53  4:06  Spore Crawler, Drone  
  53  4:12  Drone x3  
  53  4:14  Extractor  
  53  4:16  Drone  
  56  4:17  Drone x2  
  56  4:21  Extractor  
  56  4:22  Roach x2  
  61  4:24  Overlord  
  61  4:28  Roach  
  61  4:29  Drone  
  63  4:31  Drone  
  63  4:33  Drone  
  63  4:34  Spore Crawler  
  64  4:39  Drone  
  64  4:41  Overlord  
  64  4:43  Overseer  
  64  4:45  Drone x2  
  67  4:46  Drone x2  
  67  4:47  Evolution Chamber  
  67  4:50  Overlord  
  67  4:52  Drone  
  69  4:54  Overseer  
  69  4:55  Drone x2  
  69  4:56  Drone  
  69  4:58  Drone  
  73  5:01  Drone x2  
  73  5:03  Drone  
  73  5:05  Drone, Extractor  
  73  5:06  Extractor  
  75  5:09  Drone  
  75  5:14  Overlord  
  76  5:16  Drone x2  
  76  5:19  Extractor  
  76  5:21  Zerg Missile Weapons Level 1  
  77  5:24  Drone x3  
  77  5:25  Hydralisk Den  
  77  5:26  Drone x4  
  77  5:28  Roach  
  85  5:32  Roach  
  85  5:33  Roach x2  
  91  5:36  Glial Reconstitution  
  91  5:41  Overlord  
  91  5:43  Drone  
  91  5:44  Roach  
  94  5:51  Drone  
  94  5:52  Overlord  
  94  5:55  Overlord x2  
  95  6:03  Hatchery, Hydralisk x2, Muscular Augments  
  98  6:12  Spire  
  98  6:15  Drone  
  98  6:16  Hydralisk  
  98  6:17  Hydralisk  
  102  6:21  Drone x4  
  102  6:25  Hydralisk x5  
  110  6:27  Drone  
  110  6:29  Ravager  
  118  6:33  Overlord  
  118  6:34  Overlord, Overseer  
  118  6:39  Hydralisk x3  
  120  6:41  Overlord  
  120  6:42  Overlord  
  120  6:46  Hydralisk x2  
  128  6:48  Overlord  
  128  6:52  Overlord x2  
  128  6:56  Spore Crawler  
  128  6:57  Spore Crawler  
  128  7:00  Overlord  
  126  7:02  Overlord, Overseer  
  126  7:04  Overseer  
  126  7:06  Hydralisk x2  
  130  7:08  Drone x2  
  130  7:09  Drone  
  130  7:12  Drone  
  130  7:13  Drone x2  
  130  7:14  Drone  
  137  7:16  Hydralisk  
  137  7:19  Drone  
  140  7:23  Drone x3  
  140  7:24  Drone  
  140  7:26  Nydus Network  
  140  7:28  Extractor  
  142  7:32  Overlord, Hydralisk x2  
  142  7:35  Zerg Ground Armor Level 1  
  142  7:37  Roach  
  148  7:38  Roach  
  148  7:42  Hydralisk  
  151  7:45  Hydralisk x2  
  151  7:48  Roach x2  
  155  7:53  Hydralisk x2  
  158  8:02  Hydralisk  
  158  8:03  Hydralisk x2  
  158  8:04  Nydus Canal  
  158  8:05  Zergling x4  
  166  8:10  Roach x2  
  166  8:11  Roach x3  
  169  8:15  Hydralisk  
  169  8:16  Hydralisk  
  171  8:32  Roach x2  
  171  8:34  Nydus Canal  
  175  8:36  Hydralisk x2  
  175  8:37  Hydralisk  
  181  8:42  Roach x2  
  181  8:45  Hydralisk x2  
  181  8:48  Nydus Canal, Roach  
  180  8:50  Roach x2  
  180  8:52  Roach x2  
  186  8:56  Roach x2  
  186  9:01  Roach  
  180  9:10  Roach  
  182  9:27  Hatchery  
  182  9:30  Nydus Canal  
  183  9:33  Extractor  

Tags
 
Add a new tag
Caveats
  • Supply blocks, unpowered buildings, or Contaminate may cause inaccurate times.
  • Supply counts are checked every 10 seconds.